 Dungeon Crawl Stone Soup version 0.30.1-11-g7821555f0a (webtiles) character file.

Game seed: 1561320972018093722

144 Glitchless the Cudgeller (level 5, -1/33 HPs)
             Began as a Gargoyle Berserker on Dec 9, 2023.
             Was a Believer of Trog.
             Killed by divine providence
             ... invoked by an orc priest
              (13 damage)
             ... on level 3 of the Dungeon.
             The game lasted 00:06:43 (1992 turns).

Glitchless the Cudgeller (Gargoyle Berserker)       Turns: 1992, Time: 00:06:44

Health: -1/33      AC:  9    Str: 29    XL:     5   Next: 26%
Magic:  5/5        EV: 11    Int:  7    God:    Trog [**....]
Gold:   689        SH:  0    Dex:  9    Spells: 4/4 levels left

rFire   . . .        a - +0 mace (flame)
rCold   . . .        (no shield)
rNeg    + . .        h - +0 leather armour
rPois   ∞            (no helmet)
rElec   +            b - +0 cloak
rCorr   .            (no gloves)
SInv    .            j - +0 pair of boots
Will    .....        (no amulet)
Stlth   +            c - +6 ring of strength
HPRegen 0.25/turn    (no ring)
MPRegen 0.09/turn

%: no passive effects
@: no status effects
A: sickness immunity, AC +4, negative energy resistance 1, electricity
resistance, torment resistance 1, petrification resistance
a: Renounce Religion, Berserk, Trog's Hand


You were on level 3 of the Dungeon.
You worshipped Trog.
Trog was pleased with you.
You visited 1 branch of the dungeon, and saw 3 of its levels.

You collected 689 gold pieces.

Inventory:

Hand Weapons
 a - a +0 mace of flaming (weapon)
 e - a +0 sling
Armour
 b - a +0 cloak (worn)
 h - a +0 leather armour (worn)
 j - a +0 pair of boots (worn)
Jewellery
 c - a +6 ring of strength (left hand)
Wands
 f - a wand of paralysis (8)
 l - a wand of mindburst (4)
Scrolls
 d - 2 scrolls of teleportation
 g - a scroll of blinking {unknown}
 i - a scroll of enchant armour {unknown}
Potions
 k - 2 potions of curing


   Skills:
 * Level 4.0 Fighting
 * Level 4.9 Maces & Flails
 * Level 0.5 Ranged Weapons
 * Level 2.4 Armour
 * Level 2.0 Dodging
 - Level 0.6 Stealth


You had 4 spell levels left.
You didn't know any spells.
Your spell library contained the following spells:

 Spells                   Type           Power      Damage    Failure   Level
 Ensorcelled Hibernation  Hex/Ice        0%         N/A       61%         2
 Scorch                   Fire           0%         2d5       61%         2
 Spider Form              Tmut/Pois      0%         N/A       83%         3
 Anguish                  Hex/Necr       0%         N/A       99%         4
 Flame Wave               Conj/Fire      0%         2d4       99%         4
 Summon Cactus Giant      Summ           0%         N/A       100%        6


Dungeon Overview and Level Annotations

Branches:
Dungeon (3/15)

Altars:

Shops:
D:2 *


Innate Abilities, Weirdness & Mutations

You are immune to sickness and miasma.
Your stone body is resilient. (AC +4)
You are immune to poison.
You resist negative energy. (rN+)
You are resistant to electric shocks. (rElec)
You are resistant to unholy torment.
You are immune to petrification.


Message History

An endoplasm comes into view.
The orc hits you with a +0 flail.
You hit the rat. You burn the rat.
You kill the rat!
Trog accepts your kill. The orc closely misses you.
You closely miss the orc. The orc barely misses you.
You closely miss the orc.
The orc priest calls down the wrath of Beogh upon you.
Beogh smites you! The orc hits you but does no damage.
You are too injured to fight recklessly!
You are too injured to fight recklessly!
You hit the endoplasm. You burn the endoplasm.
You kill the endoplasm!
Trog accepts your kill.
You sock the orc! You burn the orc.
You kill the orc!
Trog accepts your kill.
The orc priest looks braver for a moment.
The orc priest hits you but does no damage.
Things that are here:
a +0 flail; an orc corpse You barely miss the orc priest.
The orc priest misses you.
You hit the orc priest. You burn the orc priest.
The orc priest is heavily wounded.
The orc priest closely misses you.
You barely miss the orc priest.
The orc priest is heavily wounded.
The orc priest closely misses you.
You closely miss the orc priest.
The orc priest is heavily wounded.
The orc priest hits you with a +0 whip. x2
You closely miss the orc priest.
The orc priest is heavily wounded.
The orc priest closely misses you.
You closely miss the orc priest.
The orc priest is heavily wounded.
The orc priest invokes the aid of Beogh against you.
Beogh smites you!
You die...

######### #........ ##
#.....###
#...############...#....
#.o)..........#.###.##
.......#.########.##
##.. ###..#.#o#
##.###.## #. #.#@#
##.#.### # #.#.#
#####..## # #.#.#
#......# #
#.#.######.###.## #
#.#......).....# ##
########....#####.
#..........
#.########....#####.
#.>....<...#.## ##


You could see an orc priest.

Vanquished Creatures
  Crazy Yiuf (D:2)
  An adder (D:3)
  4 gnolls (D:2)
  2 orcs (D:3)
  7 bats
  4 endoplasms
  6 giant cockroaches
  6 goblins
  7 hobgoblins
  2 jackals (D:1)
  A quokka (D:2)
  A ball python (D:1)
  A frilled lizard (D:1)
  11 kobolds
  7 rats
  A spectral kobold (D:2)
62 creatures vanquished.

Notes
Turn   | Place    | Note
-------+----------+-------------------------------------------
     0 | D:1      | Glitchless the Gargoyle Berserker began the quest for the
                  | Orb.
     0 | D:1      | Reached XP level 1. HP: 14/14 MP: 1/1
    95 | D:1      | Reached XP level 2. HP: 19/19 MP: 2/2
   432 | D:1      | Reached ** piety under Trog
   433 | D:1      | Reached XP level 3. HP: 21/24 MP: 3/3
   847 | D:2      | Found a faded altar of an unknown god.
   958 | D:2      | Reached XP level 4. HP: 13/29 MP: 4/4
  1008 | D:2      | Identified a scroll of acquirement
  1008 | D:2      | Acquired 596 gold pieces
  1311 | D:2      | Found a runed translucent door.
  1312 | D:2      | Noticed Crazy Yiuf
  1391 | D:2      | Found Loossuam's General Store.
  1495 | D:2      | Killed Crazy Yiuf
  1496 | D:2      | Reached XP level 5. HP: 33/33 MP: 5/5
  1992 | D:3      | Killed from afar by an orc priest

Illustrated notes

Levels and vault maps discovered:
D:1:      doesnt_arrival_eight_statues, layout_loops_ring, serial_park_tiny_pond
D:2:      layout_loops_ring, serial_shops, nicolae_shop_peninsula,
          dreamdust_ecumenical_altar_drowned_temple, uniq_crazy_yiuf_cottage
D:3:      layout_loops_ring, mainiacjoe_overflow_catwalk_spiral,
          general_overflow_altar

Skill      XL: |  1  2  3  4  5 |
---------------+----------------+-----
Maces & Flails | 4 |  4.9
Dodging        | 2 |  2.0
Fighting       | 4 |  4.0
Ranged Weapons | |  0.5
Armour         | |  2.4
Stealth        | |  0.6

Action                     |  1- 3 |  4- 6 || total
---------------------------+-------+-------++-------
  Melee: Mace              |   123 |    67 ||   190
         Punch             |     1 |       ||     1
 Invoke: Berserk           |     1 |     1 ||     2
         Trog's Hand       |     1 |     1 ||     2
    Use: Scroll            |       |     8 ||     8
   Stab: Sleeping          |       |     1 ||     1
 Armour: Animal skin       |    47 |    13 ||    60
         Leather armour    |       |    11 ||    11
  Dodge: Dodged            |    78 |    31 ||   109
